 Dungeon Crawl Stone Soup version 0.29-a0-298-g3c90f9a769 (webtiles) character file.

Game seed: 7951693223364827768

50 Dabor the Stinger (level 3, -6/19 HPs)
             Began as a Deep Elf Venom Mage on Mar 23, 2022.
             Killed from afar by Sigmund (9 damage)
             ... with a puff of flame
             ... on level 2 of the Dungeon.
             The game lasted 00:04:28 (1784 turns).

Dabor the Stinger (Deep Elf Venom Mage)             Turns: 1784, Time: 00:04:28

Health: -6/19      AC:  2    Str:  5    XL:     3   Next: 55%
Magic:  4/10       EV: 13    Int: 21    God:
Gold:   31         SH:  0    Dex: 15    Spells: 3/9 levels left

rFire   . . .      SeeInvis .   (no weapon)
rCold   . . .      Faith    .   (no shield)
rNeg    . . .      Spirit   .   a - +0 robe
rPois   .          Reflect  .   g - +0 hat
rElec   .          Harm     .   (no cloak)
rCorr   .          Rampage  .   (no gloves)
Will    .....                   (no boots)
Stlth   +.........              (no amulet)
HPRegen 0.06/turn               (no ring)
MPRegen 0.12/turn               (no ring)

@: confused
A: no striking features
a: no special abilities


You were on level 2 of the Dungeon.
You visited 1 branch of the dungeon, and saw 2 of its levels.

You collected 31 gold pieces.

Inventory:

Armour
 a - a +0 robe (worn)
 g - a +0 hat (worn)
Scrolls
 d - a scroll of noise {unknown}
 e - 4 scrolls of identify
 f - a scroll of fog {unknown}
 h - a scroll of teleportation
Potions
 b - 2 potions of heal wounds {unknown}
 c - a potion of berserk rage {unknown}


   Skills:
 + Level 3.0 Dodging
 - Level 3.0 Stealth
 + Level 3.5 Spellcasting
 + Level 0.2 Conjurations
 + Level 1.9 Transmutations
 + Level 0.0 Air Magic
 * Level 3.7 Poison Magic


You had 3 spell levels left.
You knew the following spells:

 Your Spells              Type           Power      Damage    Failure   Level
a - Sting                 Tmut/Pois      60%        1d6       3%          1
b - Poisonous Vapours     Pois/Air       22%        N/A       9%          2
c - Mephitic Cloud        Conj/Pois/Air  9%         N/A       22%         3

Your spell library contained the following spells:

 Spells                   Type           Power      Damage    Failure   Level
 Olgreb's Toxic Radiance  Pois           19%        N/A       26%         4


Dungeon Overview and Level Annotations

Branches:
Dungeon (2/15)

Altars:

Annotations:
D:2 Sigmund


Message History

Confirm with . or Enter, or press ? or * to list all spells.
Aiming: Sting (safe; 3% risk of failure)
Press: ? - help, Shift-Dir - straight line, f/p - Sigmund
Aim: Sigmund, wielding a +0 scythe and wearing a +0 robe (severely wounded, very poisoned, 71% to hit)
The sting hits Sigmund.
Sigmund looks even sicker.
Sigmund is almost dead.
Sigmund completely misses you.
The kobold hits you with a +0 short sword.
Casting: Sting (safe; 3% risk of failure)
Confirm with . or Enter, or press ? or * to list all spells.
Aiming: Sting (safe; 3% risk of failure)
Press: ? - help, Shift-Dir - straight line, f/p - Sigmund
Aim: Sigmund, wielding a +0 scythe and wearing a +0 robe (almost dead, very poisoned, 71% to hit)
The sting misses Sigmund.
The kobold barely misses you.
Casting: Sting (safe; 3% risk of failure)
Confirm with . or Enter, or press ? or * to list all spells.
Aiming: Sting (safe; 3% risk of failure)
Press: ? - help, Shift-Dir - straight line, f - kobold, p - Sigmund
Aim: a kobold, wielding a +0 short sword (67% to hit)
The sting hits the kobold.
The kobold is poisoned.
The kobold is heavily wounded.
Sigmund barely misses you. The kobold barely misses you.
Casting: Sting (safe; 3% risk of failure)
Confirm with . or Enter, or press ? or * to list all spells.
Aiming: Sting (safe; 3% risk of failure)
Press: ? - help, Shift-Dir - straight line, f/p - kobold
Aim: a kobold, wielding a +0 short sword (heavily wounded, poisoned, 67% to hit)
The sting misses the kobold.
The kobold hits you with a +0 short sword.
* * * LOW HITPOINT WARNING * * *
Sigmund casts a spell at you.
You are confused.
You're too confused to cast spells.
Sorry, you're not good enough to have a special ability.
You closely miss Sigmund.
Sigmund is almost dead.
The kobold barely misses you. Sigmund gestures at you while chanting.
The puff of flame hits you!
You die...

##.##.#.# ##.......# ##..###
#.......#####.....## ##...#
##.##........#...## ###.#
#.##.######.##+## #.# ##.##.#
#.##.# #.#
...[††######.##.##### #.#
......##....).)†....# #.#
......##.###.#...##.########.#
.........# #....@.#..........#
......######.#.@K#############
.............##.##
......#########.# ####### #.#
#.# #.# #.# #.#


You could see Sigmund (very poisoned) and a kobold (poisoned).

Vanquished Creatures
  A dart slug (D:1)
  3 ball pythons (D:1)
  2 bats (D:1)
  7 endoplasms
  6 goblins
  5 hobgoblins
  4 jackals (D:1)
  3 kobolds (D:1)
  4 quokkas
  2 frilled lizards (D:1)
  2 rats
39 creatures vanquished.

Notes
Turn   | Place    | Note
-------+----------+-------------------------------------------
     0 | D:1      | Dabor the Deep Elf Venom Mage began the quest for the Orb.
     0 | D:1      | Reached XP level 1. HP: 10/10 MP: 6/6
   481 | D:1      | Reached XP level 2. HP: 15/15 MP: 1/8
   964 | D:1      | Reached XP level 3. HP: 19/19 MP: 7/9
  1274 | D:1      | Learned a level 2 spell: Poisonous Vapours
  1307 | D:1      | Learned a level 3 spell: Mephitic Cloud
  1372 | D:1      | Found a faded altar of an unknown god.
  1766 | D:2      | Noticed Sigmund
  1784 | D:2      | Killed from afar by Sigmund

Illustrated notes

Levels and vault maps discovered:
D:1:      lemuel_arrival_muddy, layout_rooms,
          shapermc_ecumenical_altar_mp_highgroup
D:2:      layout_loops_corners, basic_altar, minmay_tetromino_t4, uniq_sigmund,
          uniq_robin, uniq_terence

Skill      XL: |  1  2  3 |
---------------+----------+-----
Stealth        | 3 |  3.0
Dodging        | 3 |  3.0
Spellcasting   | |  3.5
Conjurations   | |  0.2
Transmutations | |  1.9
Poison Magic   | |  3.7

Action                   || total
-------------------------++-------
Melee: Unarmed           ||     7
 Cast: Sting             ||    87
       Poisonous Vapours ||     1
  Use: Scroll            ||     2
       Potion            ||     1
Armor: Robe              ||    10
Dodge: Dodged            ||    47

Table legend: (Time is in decaauts)
 A = Elapsed time spent in this place.
 B = Non-inter-level travel time spent in this place.
 C = Inter-level travel time spent in this place.
 D = Time resting spent in this place.
 E = Time spent auto-exploring this place.
 F = Levels seen in this place.
 G = Mean time per level.
                   A        B        C        D        E       F      G
               +--------+--------+--------+--------+--------+-----+--------+
         Total |   1785 |   1753 |     32 |     41 |   1460 |   2 |  892.5 |
       Dungeon |   1785 |   1753 |     32 |     41 |   1460 |   2 |  892.5 |
               +--------+--------+--------+--------+--------+-----+--------+

Top non-repeatable levels by time:
     D:1: 1541 daAuts
     D:2: 243 daAuts
